 Dungeon Crawl Stone Soup version 0.28-a0-503-g83f2989fac (webtiles) character file.

Game seed: 15368417912156023374

132 Goblin1989 the Chopper (level 4, 0/35 HPs)
             Began as a Demonspawn Cinder Acolyte on Sept 21, 2021.
             Was a High Priest of Ignis.
             Killed by nerve-wracking pain
             ... invoked by an orc priest
              (14 damage)
             ... on level 4 of the Dungeon.
             The game lasted 00:03:43 (3423 turns).

Goblin1989 the Chopper (Demonspawn Cinder Acolyte)  Turns: 3423, Time: 00:03:43

Health: 0/35       AC:  2    Str: 16    XL:     4   Next: 92%
Magic:  5/5        EV: 11    Int: 15    God:    Ignis [*****.]
Gold:   61         SH:  0    Dex:  8    Spells: 5/5 levels left

rFire   + . .      SeeInvis .   a - -1 hand axe (flame)
rCold   . . .      Faith    .   (no shield)
rNeg    . . .      Spirit   .   b - +0 robe
rPois   .          Reflect  .   (no helmet)
rElec   .          Harm     .   (no cloak)
rCorr   .          Rampage  .   (no gloves)
Will    .....                   (no boots)
Stlth   +.........              (no amulet)
HPRegen 0.11/turn               (no ring)
MPRegen 0.09/turn               (no ring)

@: no status effects
A: ignite blood 1
a: Renounce Religion, Sea of Fire, Foxfire Swarm, Rising Flame


You were on level 4 of the Dungeon.
You worshipped Ignis.
Ignis was extremely pleased with you.
You visited 1 branch of the dungeon, and saw 4 of its levels.

You collected 61 gold pieces.

Inventory:

Hand Weapons
 a - a -1 hand axe of flaming (weapon)
Armour
 b - a +0 robe (worn)
 e - a +0 chain mail
 h - a +0 scale mail
Scrolls
 c - a scroll of amnesia {unknown}
 g - a scroll of fear {unknown}
 j - 2 scrolls of identify {unknown}
 k - a scroll of fog {unknown}
 l - a scroll of enchant armour {unknown}
 m - 2 scrolls of magic mapping {unknown}
 n - a scroll of vulnerability {unknown}
 o - a scroll of teleportation {unknown}
Potions
 d - 2 potions of lignification {unknown}
 f - a potion of attraction {unknown}
 i - a potion of heal wounds {unknown}
 p - a potion of ambrosia {unknown}
 q - a potion of might {unknown}
 r - a potion of magic {unknown}


   Skills:
 - Level 3.0 Fighting
 + Level 5.2 Axes
 - Level 1.0 Spellcasting
 - Level 2.6 Fire Magic


You had 5 spell levels left.
You didn't know any spells.
Your spell library contained the following spells:

 Spells                   Type           Power      Damage    Failure   Level
 Scorch                   Fire           16%        2d5       12%         2
 Ensorcelled Hibernation  Hex/Ice        0%         N/A       36%         2
 Slow                     Hex            0%         N/A       36%         2
 Call Canine Familiar     Summ           0%         N/A       58%         3
 Confusing Touch          Hex            0%         N/A       58%         3
 Portal Projectile        Hex/Tloc       0%         N/A       58%         3
 Spider Form              Tmut/Pois      0%         N/A       58%         3
 Vampiric Draining        Necr           0%         2d6       58%         3
 Leda's Liquefaction      Hex/Erth       0%         N/A       94%         4


Dungeon Overview and Level Annotations

Branches:
Dungeon (4/15)
 Temple: D:4-7

Altars:
Fedhas
Makhleb
Vehumet

Annotations:
D:2 1 runed translucent door, Crazy Yiuf


Innate Abilities, Weirdness & Mutations

Your demonic aura sometimes causes spilled blood to erupt in flames.


Message History

You destroy the hound zombie!
You hit the adder but do no damage. The adder misses you. The adder bites you.
Your Axes skill increases to level 5!
You take 1 damage, and have 23/35 hp.
You miss the adder.
The adder is heavily wounded.
The adder bites you.
You take 1 damage, and have 22/35 hp.
You miss the adder.
The adder is heavily wounded.
The adder closely misses you.
You closely miss the adder.
The adder is heavily wounded.
The adder closely misses you. The adder barely misses you.
You miss the adder.
The adder is heavily wounded.
The adder bites you but does no damage.
You hit the adder. You burn the adder.
You kill the adder!
You see here an adder corpse.
You pick up a book of the Hunter and begin reading...
You add the spells Call Canine Familiar, Portal Projectile and Leda's Liquefaction to your library.
You start resting.
HP restored.
Health restored: 35 An endoplasm comes into view.
An endoplasm is nearby!
A goblin comes into view. It is wielding a +0 club.
The goblin shouts!
You hit the endoplasm but do no damage. The endoplasm completely misses you.
You hit the endoplasm. You burn the endoplasm.
The endoplasm is almost dead.
The endoplasm misses you. The goblin closely misses you.
You hit the endoplasm but do no damage.
The endoplasm is almost dead.
You hit the goblin. You burn the goblin. The endoplasm barely misses you.
The goblin closely misses you.
You hit the endoplasm. You burn the endoplasm.
You kill the endoplasm!
You hit the goblin. You burn the goblin.
You kill the goblin!
No target in view!
No target in view!
No target in view!
No target in view!
No target in view!
No target in view!
No target in view!
No target in view!
No target in view!
No target in view!
No target in view!
No target in view!
No target in view!
No target in view!
No target in view!
No target in view!
No target in view!
No target in view!
r - a fizzy red potion
Things that are here:
a +0 club; a goblin corpse An orc comes into view.
It is wielding a +0 mace.
A goblin comes into view. It is wielding a +0 club.
An orc priest comes into view. It is wielding a +0 club.
You barely miss the orc. The orc closely misses you.
An orc priest comes into view. It is wielding a +0 trident.
You slash the orc! You burn the orc.
You kill the orc!
The orc priest invokes the aid of Beogh against you.
Beogh smites you!
You take 10 damage, and have 25/35 hp.
MASSIVE DAMAGE!!
An orc and an orc priest come into view.
The orc priest shouts!
The orc shouts!
You hear a shout!
Things that are here:
a +0 mace; a +0 leather armour; a coppery potion The orc priest begins to cast a cantrip, but forgets the words!
The orc priest looks braver for a moment.
The goblin hits you with a +0 club.
You take 2 damage, and have 23/35 hp.
You hit the goblin but do no damage. The orc priest barely misses you.
The orc priest looks satisfied for a moment.
The goblin hits you with a +0 club.
You take 1 damage, and have 22/35 hp.
You hit the goblin. You burn the goblin.
You kill the goblin!
The orc priest calls down the wrath of Beogh upon you.
Pain shoots through your body!
* * * LOW HITPOINT WARNING * * *
The orc priest begins to cast a cantrip, but forgets the words!
A gnoll comes into view. It is wielding a +0 spear.
You take 8 damage, and have 14/35 hp.
MASSIVE DAMAGE!!
Unknown command.
The orc priest invokes the aid of Beogh against you.
You barely resist.
Things that are here:
a +0 mace; a +0 leather armour; a coppery potion The orc priest calls down the wrath of Beogh upon you.
Pain shoots through your body!
You die... ██████████████

██ █..█ █............█ █.
......█............█ █.
......█............█ ███.
......█..........†<████...
..........................
..........................
.........@.███.█.........█
..g...o.).████.█.........█
.....█.█......█...).....█
.... █o█████..█.........█
..g o.█ █............█
..██ ██)█.........█ ██.
███...........█
...█████.............█
..........██.........█


You could see 3 orc priests and a gnoll.

Vanquished Creatures
  A hound (D:3)
  A hound zombie (D:4)
  4 adders
  A worm (D:2)
  2 dart slugs
  An orc (D:4)
  6 ball pythons
  3 bats (D:2)
  5 endoplasms
  A giant cockroach (D:1)
  3 goblins
  3 hobgoblins
  A quokka (D:2)
  A frilled lizard (D:3)
  6 kobolds
  3 rats (D:2)
42 creatures vanquished.

Notes
Turn   | Place    | Note
-------+----------+-------------------------------------------
     0 | D:1      | Goblin1989 the Demonspawn Cinder Acolyte began the quest
                  | for the Orb.
     0 | D:1      | Reached XP level 1. HP: 18/18 MP: 2/2
    56 | D:1      | Reached skill level 3 in Axes
   617 | D:1      | Gained mutation: Your demonic aura sometimes causes spilled
                  | blood to erupt in flames. [demonic ancestry]
   617 | D:1      | Reached XP level 2. HP: 24/24 MP: 3/3
  1397 | D:2      | Reached XP level 3. HP: 9/29 MP: 4/4
  1632 | D:2      | Reached skill level 4 in Axes
  2215 | D:2      | Found a runed translucent door.
  2216 | D:2      | Noticed Crazy Yiuf
  2572 | D:3      | Found a blossoming altar of Fedhas.
  2955 | D:3      | Found a radiant altar of Vehumet.
  2985 | D:3      | Reached XP level 4. HP: 35/35 MP: 5/5
  3005 | D:3      | Found a burning altar of Makhleb.
  3252 | D:4      | Reached skill level 5 in Axes
  3423 | D:4      | Killed from afar by an orc priest

Illustrated notes

Levels and vault maps discovered:
D:1:      ebering_hopf_link, layout_rooms, moated_statue, serial_bayou_pond_e
D:2:      layout_basic, st_stairs_7, uniq_crazy_yiuf_cottage
D:3:      layout_rooms, fedhas_altar_3, fiery_altar_vehumet,
          mainiacjoe_overflow_chevrons
D:4:      layout_rooms, amcnicky_altar_gilded, lemuel_coloured_pillars_altar,
          serial_shops, shop, uniq_ijyb, uniq_natasha

Skill      XL: |  1  2  3  4 |
---------------+-------------+-----
Axes           | 3 4 5 |  5.2
Fighting       | |  3.0
Spellcasting   | |  1.0
Fire Magic     | |  2.6

Action                   |  1- 3 |  4- 6 || total
-------------------------+-------+-------++-------
Melee: Hand axe          |   115 |    29 ||   144
Armor: Robe              |    22 |     6 ||    28
Dodge: Dodged            |    59 |    22 ||    81

Table legend: (Time is in decaauts)
 A = Elapsed time spent in this place.
 B = Non-inter-level travel time spent in this place.
 C = Inter-level travel time spent in this place.
 D = Time resting spent in this place.
 E = Time spent auto-exploring this place.
 F = Levels seen in this place.
 G = Mean time per level.
                   A        B        C        D        E       F      G
               +--------+--------+--------+--------+--------+-----+--------+
         Total |   3439 |   3311 |    128 |    827 |   2095 |   4 |  859.8 |
       Dungeon |   3439 |   3311 |    128 |    827 |   2095 |   4 |  859.8 |
               +--------+--------+--------+--------+--------+-----+--------+

Top non-repeatable levels by time:
     D:2: 1501 daAuts
     D:1: 895 daAuts
     D:3: 859 daAuts
     D:4: 184 daAuts
